 Dungeon Crawl Stone Soup version 0.19-a0-805-g0a78ef0 (webtiles) character file.

155 AlphabetPasta the Charlatan (level 5, 0/32 HPs)
             Began as a Halfling Artificer on June 27, 2016.
             Slain by an orc priest
             ... wielding a +0 dagger
              (1 damage)
             ... on level 3 of the Dungeon.
             The game lasted 00:15:18 (3308 turns).

AlphabetPasta the Charlatan (Halfling Artificer)    Turns: 3308, Time: 00:15:21

Health: 0/32       AC:  4    Str: 12    XL:     5   Next: 63%
Magic:  8/8        EV: 12    Int: 10    God:
Gold:   147        SH:  0    Dex: 16    Spells: 0 memorised, 4 levels left

rFire  . . .     SeeInvis .     a - +0 short sword
rCold  . . .     Gourm    .     b - +0 leather armour
rNeg   . . .     Faith    .     (shield restricted)
rPois  .         Spirit   .     (no helmet)
rElec  .         Dismiss  .     o - +0 cloak
rCorr  .         Reflect  .     (no gloves)
SustAt .         Harm     .     (no boots)
MR     .....                    (no amulet)
Stlth  ++........               (no ring)
                                (no ring)

@: constricted, not resistant to hostile enchantments, unstealthy
A: mutation resistance 1
a: no special abilities


You were on level 3 of the Dungeon.
You were not hungry.

You visited 1 branch of the dungeon, and saw 3 of its levels.

You collected 147 gold pieces.

Inventory:

Hand Weapons
 a - a +0 short sword (weapon)
Armour
 b - a +0 leather armour (worn)
 o - a +0 cloak (worn)
Wands
 c - a wand of flame (2/48)
 d - a wand of enslavement (9/24)
 e - a wand of random effects (4/48)
 s - a wand of slowing (8/48)
Scrolls
 h - 2 scrolls of teleportation {unknown}
 i - 2 scrolls of recharging {unknown}
 l - 3 scrolls of identify {unknown}
 m - a scroll of amnesia {unknown}
 p - a scroll of enchant armour {unknown}
Potions
 j - a potion of brilliance
 k - a potion of cure mutation
Comestibles
 f - a bread ration
 g - 2 meat rations


   Skills:
 - Level 0.8 Fighting
 + Level 3.0 Short Blades
 + Level 3.0 Dodging
 + Level 3.0 Stealth
 * Level 4.4 Evocations


You had 4 spell levels left.
You didn't know any spells.

Dungeon Overview and Level Annotations

Branches:
Dungeon (3/15)

Altars:
Cheibriados
Hepliaklqana
Makhleb
Trog
Zin

Annotations:
D:3 Grinder


Innate Abilities, Weirdness & Mutations

You are small and have problems with some larger weapons.
You are somewhat resistant to further mutation.


Message History

The ball python barely misses you. The ball python misses you.
A ball python, a rat, 2 orcs and an orc priest come into view.
It was a potion of cure mutation.
It has a very clean taste.
The orc hits you with a trident.
* * * LOW HITPOINT WARNING * * *
The ball python completely misses you. The ball python closely misses you.
It was a potion of flight.
You feel very buoyant.
You fly up into the air.
The orc hits you but does no damage. The ball python closely misses you.
The ball python grabs you.
* * * LOW HITPOINT WARNING * * *
The ball python constricts you. The orc completely misses you.
It was a potion of cancellation.
Your magical effects are unravelling.
You feel magically purged.
You float gracefully downwards.
You feel a little less clever now. The ball python closely misses you.
The ball python constricts you. The orc closely misses you.
The orc barely misses you. The orc priest hits you with a dagger.
You die...

....#
#.#.##)################
....# #.#.##)#
....#######.#.##.#
....'....>#
#.##.########
....##.##.#
#............
....##.##.#
#####'#######
....##.##.# #........#
....##.##.# #...o....#
....##.##.# #..@o)...#
######.##.#
#.)So.)..###########
.......##.#
####.###.r.......>..
.......##.# #.#
#.###########
..........# ..# #.# #
#####.....# #### #.# #
#.....# #.# #
#.....######## #.# #
#.....#......# #.# #


You could see an orc priest, 2 orcs, a ball python and a rat.

Vanquished Creatures
  An orc wizard (D:3)
  5 gnolls
  An adder (D:2)
  A worm (D:3)
  8 orcs
  9 bats
  2 giant cockroaches (D:1)
  8 goblins
  7 hobgoblins
  A quokka (D:2)
  2 ball pythons
  4 giant newts
  2 kobolds
  8 rats
59 creatures vanquished.

Vanquished Creatures (collateral kills)
  3 gnolls
  A worm (D:2)
  A goblin (D:2)
5 creatures vanquished.

Vanquished Creatures (others)
  2 gnolls (D:2)
  An adder (D:3)
3 creatures vanquished.

Grand Total: 67 creatures vanquished

Notes
Turn   | Place    | Note
--------------------------------------------------------------
     0 | D:1      | AlphabetPasta the Halfling Artificer began the quest for the Orb.
     0 | D:1      | Reached XP level 1. HP: 12/12 MP: 3/3
   172 | D:1      | Reached XP level 2. HP: 18/18 MP: 4/4
   826 | D:1      | Reached XP level 3. HP: 22/22 MP: 5/5
  1075 | D:2      | Found a bloodstained altar of Trog.
  1075 | D:2      | Found a glowing silver altar of Zin.
  1451 | D:2      | Found a burning altar of Makhleb.
  1608 | D:2      | Reached XP level 4. HP: 15/27 MP: 6/6
  1887 | D:2      | Found a hazy altar of Hepliaklqana.
  1988 | D:2      | Reached skill level 4 in Evocations
  2726 | D:3      | Reached XP level 5. HP: 32/32 MP: 8/8
  2841 | D:3      | Found a snail-covered altar of Cheibriados.
  2905 | D:3      | Noticed Grinder
  3306 | D:3      | HP: 1/32 [orc/trident (2)]
  3308 | D:3      | Slain by an orc priest

Vault maps used:
D:1:      saegor_arrival_under_anarchy, serial_bayou_pond_d,
          minmay_misc_feat_doors, corexii_leaking_fountain
D:2:      overflow_temple_1_default, marbit_many_paths,
          lemuel_coloured_pillars_altar, lemuel_crystal_altar
D:3:      cheibriados_altar_wand_db, uniq_grinder

Skill      XL: |  1  2  3  4  5 |
---------------+----------------+-----
Short Blades   | 2 3 |  3.0
Stealth        | 2 3 |  3.0
Evocations     | 4 |  4.4
Dodging        | 3 |  3.0
Fighting       | |  0.8

Action                   |  1- 3 |  4- 6 || total
-------------------------+-------+-------++-------
Melee: Short sword       |    85 |    99 ||   184
Evoke: Wand              |    13 |    20 ||    33
  Use: Potion            |       |     4 ||     4
 Stab: Paralysed         |     2 |     2 ||     4
       Sleeping          |     2 |     3 ||     5
       Distracted        |     1 |       ||     1
  Eat: Chunk             |     2 |     6 ||     8
Armor: Leather armour    |    17 |    10 ||    27
Dodge: Dodged            |    86 |    70 ||   156
